Map: Prion Terraces

Players

Barcode - Winner!

  • Race: Terran Terran
  • League: Platinum

LilDicky

  • Race: Terran Terran
  • League: Diamond

VOD

http://www.twitch.tv/tumescentpie

Description

Time

  • Played on: Nov. 26, 2015, 11:11 a.m.
  • Length: 14:05
Show
View Real Time Build Order
Export as new Build Order

Barcode Terran - Winner!

Build Orders: Reaper Expand 

Get SALT Encoding   

  12  0:00  SCV  
  13  0:13  SCV  
  14  0:17  Supply Depot  
  14  0:25  SCV  
  15  0:39  SCV  
  15  0:41  Barracks  
  16  0:47  Refinery  
  16  0:51  SCV  
  17  1:03  SCV  
  18  1:15  SCV  
  19  1:29  Orbital Command  
  19  1:31  Reaper  
  20  1:42  Command Center  
  20  1:53  Barracks  
  20  1:55  SCV  
  21  2:07  SCV  
  22  2:12  Factory  
  22  2:15  Marine  
  23  2:26  Supply Depot  
  23  2:33  Barracks  
  23  2:44  Barracks Tech Lab  
  23  2:47  SCV  
  23  2:48  Barracks Reactor  
  24  2:54  Refinery  
  24  2:55  Orbital Command  
  24  2:59  SCV  
  24  3:03  Marine  
  26  3:11  SCV  
  27  3:16  Hellion  
  28  3:21  Starport  
  28  3:22  Marauder  
  28  3:23  SCV x2  
  32  3:27  Marine x2  
  34  3:35  SCV  
  34  3:36  Bunker  
  34  3:37  SCV  
  35  3:43  Widow Mine  
  35  3:47  SCV  
  37  3:56  SCV  
  37  3:59  SCV  
  36  4:09  SCV, Marauder, Marine x3  
  38  4:11  SCV, Widow Mine  
  41  4:21  SCV  
  41  4:23  SCV  
  42  4:28  Marine x3  
  42  4:31  Marauder  
  45  4:32  Stimpack  
  41  4:42  SCV  
  41  4:44  SCV  
  40  4:46  Marine x3  
  40  4:52  Marauder  
  44  4:54  SCV  
  44  4:56  SCV  
  46  5:13  Supply Depot  
  46  5:16  Command Center  
  46  5:22  Engineering Bay  
  46  5:23  Supply Depot  
  46  5:29  Factory Tech Lab  
  46  5:30  Barracks Reactor  
  46  5:35  SCV x2, Medivac, Marine  
  51  5:37  Supply Depot  
  51  5:42  Marauder, Marine  
  54  5:43  Supply Depot  
  54  5:52  Marine  
  54  5:55  Siege Tank  
  54  5:56  Supply Depot, SCV x2  
  60  5:57  Supply Depot  
  60  6:00  Marine  
  60  6:03  Marine  
  61  6:10  Viking, Marine  
  64  6:12  Missile Turret  
  64  6:15  Missile Turret  
  64  6:17  SCV  
  65  6:20  SCV  
  65  6:24  Missile Turret  
  66  6:29  SCV, Refinery  
  66  6:30  Refinery  
  66  6:32  SCV  
  68  6:41  SCV  
  68  6:44  SCV  
  68  6:45  Siege Tank  
  68  6:47  Marine x2, Marauder  
  75  7:08  Marine x2, Marauder  
  71  7:09  SCV, Marine  
  71  7:10  SCV  
  71  7:14  Refinery  
  71  7:15  Refinery  
  74  7:17  Marine, Siege Tank, Orbital Command  
  74  7:22  SCV  
  79  7:26  Marine x2  
  79  7:29  Marauder  
  83  7:31  Marine, Medivac  
  83  7:32  SCV  
  83  7:34  SCV  
  83  7:35  Marine  
  89  7:38  Starport  
  89  7:44  Marine x2  
  89  7:51  Marauder  
  81  7:59  Siege Tank, Marine x2  
  81  8:00  SCV x2  
  81  8:01  Medivac  
  81  8:02  SCV, Marine x2  
  81  8:04  Supply Depot  
  93  8:12  Terran Infantry Weapons Level 1, SCV x2, Marauder  
  94  8:15  Starport Reactor  
  94  8:17  SCV, Marine x2  
  94  8:19  Marine  
  98  8:28  SCV x2, Marine  
  98  8:33  Marauder  
  103  8:35  Marine x2  
  102  8:49  SCV x3, Marine  
  102  8:50  Marine  
  102  8:52  Marine  
  102  8:53  Marine  
  102  8:55  Marauder  
  111  9:00  Command Center  
  111  9:01  SCV x3, Barracks  
  114  9:03  Engineering Bay  
  114  9:05  Armory  
  114  9:07  Marine  
  114  9:08  Medivac  
  117  9:17  Supply Depot  
  117  9:18  Supply Depot  
  117  9:20  Supply Depot  
  117  9:36  SCV  
  117  9:38  SCV x2, Medivac x2, Marine  
  117  9:40  Marauder, Medivac  
  127  9:50  SCV x2  
  124  10:00  Barracks Tech Lab  
  124  10:01  SCV, Marauder  
  124  10:03  Barracks  
  124  10:04  SCV  
  124  10:05  SCV  
  129  10:07  Terran Infantry Weapons Level 2  
  129  10:10  Engineering Bay  
  129  10:11  Terran Vehicle Weapons Level 1  
  129  10:13  Supply Depot, SCV  
  130  10:16  SCV  
  130  10:17  SCV  
  130  10:19  Supply Depot  
  130  10:20  Barracks  
  130  10:21  Marauder, Marine x4  
  135  10:23  Marauder  
  135  10:25  SCV  
  141  10:30  SCV x2  
  141  10:31  Medivac  
  132  10:37  SCV  
  132  10:39  Marine  
  112  10:50  Siege Tank  
  112  10:51  Marauder, Marine x3, Medivac  
  112  10:52  Medivac, Marine  
  112  10:53  SCV x2  
  112  10:54  SCV  
  128  11:01  Medivac  
  130  11:04  Terran Infantry Armor Level 1  
  130  11:06  Combat Shields, Marauder, Marine  
  130  11:09  Marine x4  
  137  11:13  Marauder  
  137  11:14  Missile Turret  
  137  11:15  Barracks Reactor  
  139  11:21  Medivac  
  141  11:26  Siege Tank  
  141  11:27  Marine x3, Medivac  
  141  11:28  Marauder  
  141  11:29  Marine  
  152  11:33  Orbital Command  
  152  11:34  SCV x2, Marauder  
  153  11:40  SCV  
  153  11:45  Missile Turret  
  153  11:46  SCV x2  
  153  11:47  Missile Turret  
  153  11:49  Marauder  
  153  11:53  Marine x6  
  160  11:55  Marauder  
  160  11:56  Missile Turret  
  162  12:13  Command Center  
  162  12:20  SCV  
  162  12:21  SCV x2, Marauder x2, Marine x3  
  172  12:25  Starport Tech Lab  
  172  12:26  Concussive Shells  
  172  12:33  Supply Depot x2, Viking x2, Marine x2  
  172  12:36  Supply Depot  
  177  12:56  Marauder, Marine x3  
  177  12:57  Marauder  
  184  13:04  Viking  
  180  13:07  Banshee, Missile Turret  
  180  13:08  Missile Turret, Marine  
  180  13:09  Marine x2  
  180  13:10  Marine  
  184  13:18  Marauder x2  
  164  13:31  Marine x5  
  164  13:32  Marine  
  168  13:34  Medivac  
  168  13:39  Marauder x2  
Show
View Real Time Build Order
Export as new Build Order

LilDicky Terran 

Build Orders: Cyclone Opening, Mech 

Get SALT Encoding   

  12  0:01  SCV  
  13  0:13  SCV  
  14  0:19  Supply Depot  
  14  0:25  SCV  
  15  0:30  Refinery  
  15  0:41  SCV  
  16  0:45  Barracks  
  16  0:53  SCV  
  17  1:01  Refinery  
  17  1:05  SCV  
  18  1:17  SCV  
  19  1:35  Barracks Tech Lab  
  19  1:36  Factory  
  19  1:38  Orbital Command  
  19  2:03  SCV  
  19  2:05  Supply Depot  
  20  2:20  SCV  
  21  2:24  Supply Depot  
  21  2:29  Cyclone  
  23  2:32  SCV  
  23  2:35  Supply Depot  
  24  2:47  SCV  
  25  2:59  SCV  
  25  3:01  Cyclone  
  30  3:20  SCV  
  30  3:24  Supply Depot  
  30  3:32  SCV  
  30  3:33  Command Center, Cyclone  
  31  4:28  SCV, Cyclone  
  32  4:38  Factory  
  32  4:41  SCV  
  32  4:49  Refinery  
  32  4:50  Refinery  
  26  4:53  SCV  
  26  4:57  Orbital Command  
  27  5:05  SCV  
  27  5:06  Siege Tank  
  31  5:14  Command Center  
  31  5:18  SCV  
  32  5:23  SCV  
  32  5:24  Factory Tech Lab  
  33  5:30  SCV  
  33  5:35  SCV  
  35  5:42  SCV, Cyclone  
  39  5:44  Siege Tank  
  39  5:47  SCV  
  43  5:54  SCV  
  44  5:59  SCV, Engineering Bay  
  42  6:06  SCV  
  43  6:11  SCV  
  43  6:13  Factory  
  43  6:14  Cyclone  
  47  6:18  SCV  
  48  6:28  SCV  
  49  6:34  Engineering Bay  
  49  6:38  SCV  
  50  6:45  SCV  
  51  6:52  Planetary Fortress  
  51  6:53  Refinery  
  41  7:14  SCV  
  41  7:15  SCV  
  43  7:18  Missile Turret  
  43  7:27  SCV x2  
  45  7:32  Factory Reactor  
  45  7:34  Siege Tank x2  
  45  7:35  SCV  
  52  7:39  SCV x2  
  52  7:41  Missile Turret  
  54  7:47  SCV  
  54  7:49  Refinery  
  54  7:51  SCV x2  
  54  7:59  SCV  
  54  8:13  SCV, Hellion x2, Siege Tank  
  60  8:23  Missile Turret  
  59  8:39  Widow Mine  
  59  8:40  Hellion x2, Starport  
  65  8:44  Widow Mine  
  64  8:49  SCV  
  65  8:57  SCV  
  66  9:29  Hellion x2, Siege Tank  
  66  9:30  SCV, Hellion, Starport Tech Lab  
  74  9:45  Sensor Tower  
  72  9:51  Siege Tank  
  72  9:52  Hellion  
  73  9:54  SCV  
  73  9:55  SCV  
  73  9:56  SCV  
  76  10:00  Command Center  
  76  10:01  Siege Tank  
  76  10:04  Banshee, Cloaking Field  
  76  10:07  SCV x2  
  84  10:08  SCV  
  85  10:17  Supply Depot  
  85  10:31  SCV, Reaper  
  85  10:33  SCV  
  57  10:56  SCV x2  
  57  10:57  SCV  
  60  10:58  Siege Tank, Widow Mine x2  
  60  11:01  Banshee  
  70  11:08  SCV  
  70  11:09  SCV  
  72  11:11  Hellion  
  74  11:27  Widow Mine  
  74  11:28  Hellion  
  74  11:29  Missile Turret  
  74  11:30  Siege Tank, Missile Turret  
  74  11:31  SCV x2  
  83  11:33  Siege Tank  
  83  11:36  Missile Turret  
  83  11:39  Missile Turret  
  86  11:40  Missile Turret  
  86  11:48  Widow Mine  
  85  11:54  Reaper  
  85  11:56  SCV x2  
  88  12:06  Planetary Fortress  
  88  12:08  SCV x3  
  91  12:12  Banshee  
  91  12:15  Command Center, Hellion x2, Siege Tank  
  101  12:26  SCV x2, Reaper  
  101  12:28  SCV, Factory  
  105  12:32  Refinery  
  105  12:34  Factory  
  105  12:35  Refinery  
  105  12:36  Siege Tank  
  108  12:40  Armory  
  108  12:42  Armory  
  108  12:43  Supply Depot  
  108  12:45  SCV x2  
  108  12:47  Supply Depot  
  108  12:48  Hellion  
  108  12:49  Hellion  
  114  12:53  SCV x2  
  116  13:00  SCV, Reaper, Missile Turret  
  116  13:01  Siege Tank  
  116  13:04  SCV  
  117  13:09  Siege Tank  
  120  13:25  SCV x2  
  101  13:31  SCV x2  
  99  13:40  Factory Tech Lab x2, Hellion x2  
Tags
 
Add a new tag
Caveats
  • Supply blocks, unpowered buildings, or Contaminate may cause inaccurate times.
  • Supply counts are checked every 10 seconds.